 Dungeon Crawl Stone Soup version 0.23.2-33-g5129a83184 (webtiles) character file.

Game seed: 7055914098452295740

42 Kold the Insei (level 3, 0/23 HPs)
             Began as an Octopode Transmuter on July 20, 2019.
             Succumbed to an adder's poison
             ... on level 3 of the Dungeon.
             The game lasted 00:01:52 (1117 turns).

Kold the Insei (Octopode Transmuter)                Turns: 1117, Time: 00:01:53

Health: 0/23       AC:  1    Str: 10    XL:     3   Next: 54%
Magic:  6/6        EV: 13    Int: 15    God:
Gold:   56         SH:  0    Dex: 12    Spells: 5/6 levels left

rFire    . . .     SeeInvis .     - Unarmed
rCold    . . .     Gourm    .   (no shield)
rNeg     . . .     Faith    .   (helmet restricted)
rPois    .         Spirit   .   (no amulet)
rElec    .         Reflect  .   (no ring)
rCorr    .         Harm     .   (no ring)
MR       .....                  (no ring)
Stlth    +++.......             (no ring)
HPRegen  0.07/turn              (no ring)
MPRegen  0.10/turn              (no ring)
                                (no ring)
                                (no ring)

@: lethally poisoned (0 -> -3), appendage (expiring)
A: almost no armour, stealthy swim, amphibious, 8 rings, constrict 8, tentacle
spike 3, camouflage 1, gelatinous body 1
a: End Transformation


You were on level 3 of the Dungeon.
You were hungry.
One of your tentacles had a temporary spike.
You visited 1 branch of the dungeon, and saw 3 of its levels.

You collected 56 gold pieces.

Inventory:

Missiles
 a - 12 arrows
Potions
 b - a potion of brilliance {unknown}
 d - 7 potions of curing {unknown}
 e - a potion of berserk rage {unknown}
Comestibles
 c - 5 rations


   Skills:
 - Level 1.0 Fighting
 + Level 2.4 Dodging
 + Level 1.8 Stealth
 + Level 3.3 Unarmed Combat
 + Level 2.3 Spellcasting
 + Level 2.3 Transmutations


You had 5 spell levels left.
You knew the following spells:

 Your Spells              Type           Power        Failure   Level  Hunger
a - Beastly Appendage     Tmut           #.....       9%          1    #......

Your spell library contained the following spells:

 Spells                   Type           Power        Failure   Level  Hunger
 Sticks to Snakes         Tmut           #.......     12%         2    ###....
 Spider Form              Tmut/Pois      #.........   36%         3    ###....
 Ice Form                 Ice/Tmut       #.......     78%         4    #####..
 Blade Hands              Tmut           #.........   92%         5    ######.


Dungeon Overview and Level Annotations

Branches:
Dungeon (3/15)

Altars:


Innate Abilities, Weirdness & Mutations

You cannot wear most types of armour.
You are very stealthy in the water. (Stealth+)
You are amphibious.
You can wear up to eight rings at the same time.
You can use your tentacles to constrict eight enemies at once.
Your skin changes colour to match your surroundings (Stealth+).
Your rubbery body absorbs attacks. (AC +1, EV +1)
One of your tentacles bears a large vicious spike.


Message History

As you read the scroll labeled TUURHU NIOFA, it crumbles to dust.
You feel blessed for a moment.
It was a scroll of remove curse.
The goblin barely misses you. The rat closely misses you.
As you read the scroll labeled BEFAKHL VIUGIE, it crumbles to dust.
The scroll dissolves into smoke.
It was a scroll of fog.
The adder bites you. The goblin closely misses you. The rat bites you.
* * * LOW HITPOINT WARNING * * *
The adder misses you. The adder closely misses you.
The goblin barely misses you. The adder closely misses you.
The goblin misses you. The adder bites you.
* * * LOW HITPOINT WARNING * * *
You are lethally poisoned!
The adder poisons you!
* * * LOW HITPOINT WARNING * * *
You feel sick. The adder bites you.
* * * LOW HITPOINT WARNING * * *
The adder completely misses you.
You die...

### ######### ..
.......># ..
#.(.@# #.
#.S..#####
#.####gS........
#§§§§§§...#####.
##.§§§r§......#
#..§r§§.....#.#
#######.b...# ..
#.....# #
#.....#


You could see 2 adders, a goblin, a bat (sleeping) and a rat.

Vanquished Creatures
  An ooze (D:1)
  A leopard gecko (D:1)
  4 bats (D:1)
  4 giant cockroaches (D:1)
  5 goblins (D:1)
  4 hobgoblins (D:1)
  3 jackals (D:1)
  3 kobolds (D:1)
  2 frilled lizards (D:1)
  3 rats (D:1)
30 creatures vanquished.

Notes
Turn   | Place    | Note
-------+----------+-------------------------------------------
     0 | D:1      | Kold the Octopode Transmuter began the quest for the Orb.
     0 | D:1      | Reached XP level 1. HP: 13/13 MP: 3/3
    55 | D:1      | Reached skill level 1 in Stealth
    55 | D:1      | Reached XP level 2. HP: 5/18 MP: 3/5
   566 | D:1      | Reached XP level 3. HP: 23/23 MP: 4/6
  1115 | D:3      | HP: 1/23 [adder (2)]
  1117 | D:3      | Succumbed to an adder's poison

Skill      XL: |  1 |
---------------+----+-----
Stealth        | 1 |  1.8
Fighting       | |  1.0
Dodging        | |  2.4
Unarmed Combat | |  3.3
Spellcasting   | |  2.3
Transmutations | |  2.3

Action                   || total
-------------------------++-------
Melee: Unarmed           ||    70
       Constrict         ||    17
       Kick              ||    15
       Tentacles         ||    10
 Cast: Beastly Appendage ||    17
  Use: Scroll            ||     2
 Stab: Distracted        ||     1
       Sleeping          ||     2
Armor: Skin              ||    11
Dodge: Dodged            ||    57
